DBL
BOSTON RED SOX @ FLORIDA MARLINS
07/01/1997
 
TOP OF THE 1ST
Boston Red Sox batting - Pitching for Florida Marlins : LHP Butch Henry
Pitching: LHP Butch Henry
Batting: RHB Edgar Renteria 0-0: Called Strike
0-1: Ball
1-1: Foul Ball, location: 2F
1-2: Foul Ball, location: 2F
1-2: Foul Ball, location: 2F
1-2: Ground out 1-3 (Groundball, P, EV 81.3 MPH)
Batting: RHB Scott Fletcher 0-0: Called Strike
0-1: Ball
1-1: Ball
2-1: Ball
3-1: Ground out 6-3 (Groundball, 6, EV 103.8 MPH)
Batting: LHB Lee Stevens 0-0: Called Strike
0-1: Ball
1-1: Foul Ball, location: 2F
1-2: Foul Ball, location: 2F
1-2: Foul Ball, location: 2F
1-2: Strikes out looking
Top of the 1st over - 0 runs, 0 hits, 0 errors, 0 left on base; Boston 0 - Florida 0
BOTTOM OF THE 1ST
Florida Marlins batting - Pitching for Boston Red Sox : RHP Pete Harnisch
Pitching: RHP Pete Harnisch
Batting: LHB Craig Counsell 0-0: Ball
1-0: Ball
2-0: Ball
3-0: Called Strike
3-1: Foul Ball, location: 2F
3-2: Base on Balls
Batting: RHB Charles Johnson 0-0: SINGLE (Groundball, 56D, EV 100.0 MPH)
Craig Counsell to second
Batting: RHB Richie Sexson 0-0: Called Strike
0-1: Ball
1-1: Ball
2-1: 3-RUN HOME RUN (Flyball, 78XD, EV 91.9 MPH), Distance : 414 ft
Batting: RHB Juan Encarnacion 0-0: Called Strike
0-1: Fly out, F7 (Line Drive, 7, EV 94.4 MPH)
Batting: LHB Mark Kotsay 0-0: Called Strike
0-1: Foul Ball, location: 2F
0-2: Fly out, F9 (Flyball, 9, EV 80.0 MPH)
Batting: LHB Todd Walker 0-0: SINGLE (Line Drive, 8LS, EV 92.5 MPH)
Batting: RHB Edgardo Alfonzo 0-0: Ball
1-0: Fly out, F7 (Flyball, 78S, EV 88.8 MPH)
Bottom of the 1st over - 3 runs, 3 hits, 0 errors, 1 left on base; Boston 0 - Florida 3
TOP OF THE 2ND
Boston Red Sox batting - Pitching for Florida Marlins : LHP Butch Henry
Batting: LHB Barry Bonds 0-0: Ball
1-0: Reached on error, E5 (Groundball, 56, EV 100.0 MPH)
Batting: LHB David Ortiz 0-0: Ball
1-0: Ball
2-0: Fielders Choice at 2nd, 5-4 (Groundball, 5, EV 83.8 MPH)
Batting: RHB Akira Eto 0-0: Called Strike
0-1: Ball
1-1: DOUBLE (Flyball, 8RXD, EV 100.0 MPH)
David Ortiz to third
Runner from 3rd tries for Home, SAFE, no throw by CF
Batting: RHB Mike Cameron 0-0: Ball
1-0: Foul Ball, location: 2F
1-1: Called Strike
1-2: Foul Ball, location: 2F
1-2: Ball
2-2: Strikes out swinging
Batting: LHB Todd Hollandsworth 0-0: Ball
1-0: Ball
2-0: Foul Ball, location: 2F
2-1: Called Strike
2-2: Strikes out swinging
Top of the 2nd over - 1 run, 1 hit, 1 error, 1 left on base; Boston 1 - Florida 3
BOTTOM OF THE 2ND
Florida Marlins batting - Pitching for Boston Red Sox : RHP Pete Harnisch
Batting: RHB Rondell White 0-0: Called Strike
0-1: Ball
1-1: Ball
2-1: Fly out, F4 (Line Drive, 4, EV 70.6 MPH)
Batting: SHB Luis Castillo 0-0: Ball
1-0: Fly out, F7 (Flyball, 7, EV 91.9 MPH)
Batting: LHB Craig Counsell 0-0: Foul Ball, location: 2F
0-1: Ball
1-1: Foul Ball, location: 2F
1-2: Ball
2-2: Foul Ball, location: 2F
2-2: Foul Ball, location: 2F
2-2: Ball
3-2: Base on Balls
Batting: RHB Charles Johnson 0-0: Foul Ball, location: 2F
0-1: Foul Ball, location: 2F
0-2: Foul Ball, location: 2F
0-2: Strikes out swinging
Bottom of the 2nd over - 0 runs, 0 hits, 0 errors, 1 left on base; Boston 1 - Florida 3
TOP OF THE 3RD
Boston Red Sox batting - Pitching for Florida Marlins : LHP Butch Henry
Batting: RHB Todd Greene 0-0: Called Strike
0-1: Ball
1-1: Fly out, F9 (Line Drive, 9, EV 100.6 MPH)
Batting: RHB Edgar Renteria 0-0: Called Strike
0-1: Called Strike
0-2: Ball
1-2: Ball
2-2: Fly out, F8 (Flyball, 89D, EV 99.4 MPH)
Batting: RHB Scott Fletcher 0-0: Ball
1-0: Fly out, F8 (Line Drive, 8LD, EV 98.8 MPH)
Top of the 3rd over - 0 runs, 0 hits, 0 errors, 0 left on base; Boston 1 - Florida 3
BOTTOM OF THE 3RD
Florida Marlins batting - Pitching for Boston Red Sox : RHP Pete Harnisch
Batting: RHB Richie Sexson 0-0: Foul Ball, location: 2F
0-1: Foul Ball, location: 2F
0-2: Ball
1-2: Ball
2-2: SOLO HOME RUN (Flyball, 7D, EV 103.8 MPH), Distance : 387 ft
Batting: RHB Juan Encarnacion 0-0: DOUBLE (Flyball, 8RXD, EV 95.6 MPH)
Batting: LHB Mark Kotsay 0-0: Ball
1-0: Called Strike
1-1: Swinging Strike
1-2: Ground out 1-3 (Groundball, 23, EV 63.8 MPH)
Juan Encarnacion to third
Batting: LHB Todd Walker 0-0: 2-RUN HOME RUN (Flyball, 89XD, EV 101.9 MPH), Distance : 368 ft
Batting: RHB Edgardo Alfonzo 0-0: Ball
1-0: Called Strike
1-1: Ball
2-1: SOLO HOME RUN (Line Drive, 9LD, EV 100.0 MPH), Distance : 357 ft
Pitching: LHP Rosario Rodriguez
Batting: RHB Rondell White 0-0: Called Strike
0-1: Ground out 5-3 (Groundball, 56, EV 80.0 MPH)
Batting: SHB Luis Castillo 0-0: Swinging Strike
0-1: Fly out, F1 (Line Drive, P, EV 65.6 MPH)
Bottom of the 3rd over - 4 runs, 4 hits, 0 errors, 0 left on base; Boston 1 - Florida 7
TOP OF THE 4TH
Boston Red Sox batting - Pitching for Florida Marlins : LHP Butch Henry
Batting: LHB Lee Stevens 0-0: Called Strike
0-1: Swinging Strike
0-2: Ball
1-2: Ball
2-2: Ground out 4-3 (Groundball, 4, EV 105.6 MPH)
Batting: LHB Barry Bonds 0-0: Foul Ball, location: 2F
0-1: Ball
1-1: Swinging Strike
1-2: Ball
2-2: Foul Ball, location: 2F
2-2: DOUBLE (Flyball, 89XD, EV 92.5 MPH)
Batting: LHB David Ortiz 0-0: Called Strike
Barry Bonds steals 3rd base
0-1: Foul Ball, location: 2F
0-2: Ball
1-2: DOUBLE (Line Drive, 89D, EV 111.3 MPH)
Barry Bonds scores
Batting: RHB Akira Eto 0-0: Ball
1-0: Called Strike
1-1: Called Strike
1-2: Ball
2-2: Fly out, F8 (Flyball, 8LM, EV 82.5 MPH)
Batting: RHB Mike Cameron 0-0: Ball
1-0: 2-RUN HOME RUN (Flyball, 8LXD, EV 96.9 MPH), Distance : 412 ft
Batting: LHB Todd Hollandsworth 0-0: Called Strike
0-1: Swinging Strike
0-2: Ball
1-2: Foul Ball, location: 2F
1-2: Foul Ball, location: 2F
1-2: Ground out 6-3 (Groundball, 6, EV 89.4 MPH)
Top of the 4th over - 3 runs, 3 hits, 0 errors, 0 left on base; Boston 4 - Florida 7
BOTTOM OF THE 4TH
Florida Marlins batting - Pitching for Boston Red Sox : LHP Rosario Rodriguez
Batting: LHB Craig Counsell 0-0: Called Strike
0-1: Swinging Strike
0-2: Ball
1-2: Foul Ball, location: 2F
1-2: Fly out, F9 (Flyball, 9LM, EV 93.8 MPH)
Batting: RHB Charles Johnson 0-0: Called Strike
0-1: Called Strike
0-2: Foul Ball, location: 2F
0-2: Foul Ball, location: 2F
0-2: Foul Ball, location: 2F
0-2: Ball
1-2: Ball
2-2: Ball
3-2: Strikes out swinging
Batting: RHB Richie Sexson 0-0: Ball
1-0: Ball
2-0: Foul Ball, location: 2F
2-1: Ball
3-1: Base on Balls
Batting: RHB Juan Encarnacion 0-0: Called Strike
0-1: Swinging Strike
0-2: Ball
1-2: Strikes out swinging
Bottom of the 4th over - 0 runs, 0 hits, 0 errors, 1 left on base; Boston 4 - Florida 7
TOP OF THE 5TH
Boston Red Sox batting - Pitching for Florida Marlins : LHP Butch Henry
Batting: RHB Todd Greene 0-0: Called Strike
0-1: Ball
1-1: Fly out, F8 (Flyball, 8LS, EV 91.3 MPH)
Batting: RHB Edgar Renteria 0-0: Swinging Strike
0-1: Ball
1-1: Ball
2-1: Foul Ball, location: 2F
2-2: Ball
3-2: Fly out, F4 (Line Drive, 4, EV 53.8 MPH)
Batting: RHB Scott Fletcher 0-0: Ball
1-0: SOLO HOME RUN (Flyball, 7D, EV 94.4 MPH), Distance : 371 ft
Batting: LHB Lee Stevens 0-0: Ball
1-0: Foul Ball, location: 2F
1-1: SINGLE (Groundball, 34D, EV 94.4 MPH)
Batting: LHB Barry Bonds 0-0: Foul Ball, location: 2F
0-1: Foul Ball, location: 2F
0-2: Ball
1-2: Foul Ball, location: 2F
1-2: Foul Ball, location: 2F
1-2: Foul Ball, location: 2F
1-2: Ball
2-2: Foul Ball, location: 2F
2-2: Fielders Choice at 2nd, 6-4 (Groundball, 6, EV 88.8 MPH)
Top of the 5th over - 1 run, 2 hits, 0 errors, 1 left on base; Boston 5 - Florida 7
BOTTOM OF THE 5TH
Florida Marlins batting - Pitching for Boston Red Sox : LHP Rosario Rodriguez
Batting: LHB Mark Kotsay 0-0: Ground out 4-3 (Groundball, 4D, EV 96.9 MPH)
Batting: LHB Todd Walker 0-0: Ball
1-0: Swinging Strike
1-1: Swinging Strike
1-2: Strikes out swinging
Batting: RHB Edgardo Alfonzo 0-0: Ball
1-0: Ball
2-0: Swinging Strike
2-1: Foul Ball, location: 2F
2-2: Ball
3-2: Foul Ball, location: 2F
3-2: Base on Balls
Batting: RHB Rondell White 0-0: Called Strike
0-1: Foul Ball, location: 2F
0-2: Ball
1-2: Foul Ball, location: 2F
1-2: Ball
2-2: Ball
3-2: SINGLE (Line Drive, 9S, EV 100.6 MPH)
Edgardo Alfonzo to second
Edgardo Alfonzo to third
Batting: SHB Luis Castillo 0-0: Called Strike
0-1: Ball
1-1: DOUBLE (Line Drive, 7LM, EV 88.8 MPH)
Edgardo Alfonzo scores
Rondell White to third
Runner from 3rd tries for Home, SAFE, no throw by LF
Pitching: RHP Tim Worrell
Batting: LHB Craig Counsell 0-0: Ball
1-0: Ball
2-0: Called Strike
Luis Castillo is caught stealing 3rd base 2-5
Bottom of the 5th over - 2 runs, 2 hits, 0 errors, 0 left on base; Boston 5 - Florida 9
TOP OF THE 6TH
Boston Red Sox batting - Pitching for Florida Marlins : LHP Butch Henry
Batting: LHB David Ortiz 0-0: Called Strike
0-1: Foul Ball, location: 2F
0-2: Ball
1-2: Strikes out swinging
Batting: RHB Akira Eto 0-0: Called Strike
0-1: Foul Ball, location: 2F
0-2: Foul Ball, location: 2F
0-2: SOLO HOME RUN (Flyball, 78XD, EV 105.6 MPH), Distance : 381 ft
Batting: RHB Mike Cameron 0-0: Called Strike
0-1: Foul Ball, location: 2F
0-2: Strikes out swinging
Batting: LHB Todd Hollandsworth 0-0: Called Strike
0-1: Called Strike
0-2: Ball
1-2: Ground out U3 (Groundball, 34, EV 104.4 MPH)
Top of the 6th over - 1 run, 1 hit, 0 errors, 0 left on base; Boston 6 - Florida 9
BOTTOM OF THE 6TH
Florida Marlins batting - Pitching for Boston Red Sox : RHP Tim Worrell
Batting: LHB Craig Counsell 0-0: Ball
1-0: SINGLE (Groundball, 34S, EV 71.9 MPH) (infield hit)
Batting: RHB Charles Johnson 0-0: Ball
1-0: Foul Ball, location: 2F
1-1: Ball
2-1: Ball
3-1: Bunted foul
3-2: Foul Ball, location: 2F
3-2: Strikes out looking
Batting: RHB Richie Sexson 0-0: Ball
1-0: Called Strike
1-1: Ball
2-1: Ball
3-1: Base on Balls
Craig Counsell to second
Batting: RHB Juan Encarnacion 0-0: Fly out, F8 (Flyball, 8LD, EV 101.9 MPH)
Runner from 2nd tags up, SAFE at 3rd with throw by CF
Batting: LHB Mark Kotsay 0-0: Ball
1-0: Swinging Strike
1-1: Called Strike
1-2: Foul Ball, location: 2F
1-2: Foul Ball, location: 2F
1-2: Foul Ball, location: 2F
1-2: Foul Ball, location: 2F
1-2: Fly out, F7 (Flyball, 7LSF, EV 71.3 MPH)
Bottom of the 6th over - 0 runs, 1 hit, 0 errors, 2 left on base; Boston 6 - Florida 9
TOP OF THE 7TH
Boston Red Sox batting - Pitching for Florida Marlins : LHP Butch Henry
Batting: RHB Todd Greene 0-0: Called Strike
0-1: Fly out, F7 (Flyball, 78M, EV 88.8 MPH)
Batting: RHB Edgar Renteria 0-0: Ball
1-0: Ball
2-0: Ball
3-0: Called Strike
3-1: Foul Ball, location: 2F
3-2: Fly out, F9 (Flyball, 9, EV 92.5 MPH)
Batting: RHB Scott Fletcher 0-0: Ball
1-0: Swinging Strike
1-1: Ball
2-1: DOUBLE (Line Drive, 8RD, EV 100.6 MPH)
Pitching: LHP Billy Wagner
Batting: LHB Lee Stevens 0-0: Ground out 1-3 (Groundball, 34S, EV 83.8 MPH)
Top of the 7th over - 0 runs, 1 hit, 0 errors, 1 left on base; Boston 6 - Florida 9
BOTTOM OF THE 7TH
Florida Marlins batting - Pitching for Boston Red Sox : RHP Tim Worrell
Batting: LHB Todd Walker 0-0: Called Strike
0-1: Called Strike
0-2: Ball
1-2: Ball
2-2: SOLO HOME RUN (Flyball, 89XD, EV 95.6 MPH), Distance : 401 ft
Batting: RHB Edgardo Alfonzo 0-0: Ball
1-0: Called Strike
1-1: Foul Ball, location: 2F
1-2: DOUBLE (Flyball, 78XD, EV 100.6 MPH)
Pitching: RHP Doug Bochtler
Batting: RHB Rondell White 0-0: Ball
1-0: Swinging Strike
1-1: Fly out, F9 (Flyball, 9S, EV 88.8 MPH)
Batting: SHB Luis Castillo 0-0: Foul Ball, location: 2F
0-1: Ball
1-1: Ball
2-1: Foul Ball, location: 2F
2-2: Strikes out swinging
Batting: LHB Craig Counsell 0-0: Swinging Strike
0-1: Called Strike
0-2: Ball
1-2: Ball
2-2: Ball
3-2: Foul Ball, location: 2F
3-2: SINGLE (Line Drive, 4D, EV 105.0 MPH)
Edgardo Alfonzo to third
Edgardo Alfonzo scores
Batting: RHB Charles Johnson 0-0: Called Strike
0-1: Foul Ball, location: 2F
0-2: Foul Ball, location: 2F
0-2: Strikes out looking
Bottom of the 7th over - 2 runs, 3 hits, 0 errors, 1 left on base; Boston 6 - Florida 11
TOP OF THE 8TH
Boston Red Sox batting - Pitching for Florida Marlins : LHP Billy Wagner
Batting: LHB Barry Bonds 0-0: Swinging Strike
0-1: SINGLE (Line Drive, 78M, EV 107.5 MPH)
Batting: LHB David Ortiz 0-0: Ball
1-0: Ball
2-0: Foul Ball, location: 2F
2-1: Ball
3-1: Fly out, F9 (Flyball, 89M, EV 92.5 MPH)
Batting: RHB Akira Eto 0-0: Called Strike
0-1: Foul Ball, location: 2F
0-2: Ball
1-2: Grounds into double play, 5-4-3 (Groundball, 56, EV 88.8 MPH)
Top of the 8th over - 0 runs, 1 hit, 0 errors, 0 left on base; Boston 6 - Florida 11
BOTTOM OF THE 8TH
Florida Marlins batting - Pitching for Boston Red Sox : RHP Doug Bochtler
Batting: RHB Richie Sexson 0-0: Ball
1-0: Ball
2-0: Ball
3-0: Called Strike
3-1: Swinging Strike
3-2: Base on Balls
Pitching: LHP Pedro F. Borbon
Batting: RHB Juan Encarnacion 0-0: Called Strike
0-1: Fly out, F8 (Line Drive, 8RM, EV 93.8 MPH)
Batting: LHB Mark Kotsay 0-0: Ball
1-0: Called Strike
1-1: Ball
2-1: Ball
3-1: Base on Balls
Richie Sexson to second
Batting: LHB Todd Walker 0-0: Ball
1-0: Swinging Strike
1-1: Ball
Wild Pitch!
Richie Sexson to third
Mark Kotsay to second
2-1: Ball
3-1: Base on Balls
Pitching: LHP Paul Assenmacher
Batting: RHB Edgardo Alfonzo 0-0: Fly out, F7 (Line Drive, 7, EV 93.1 MPH)
Runner from 3rd tags up, OUT at HOME! 7-2
Bottom of the 8th over - 0 runs, 0 hits, 0 errors, 2 left on base; Boston 6 - Florida 11
TOP OF THE 9TH
Boston Red Sox batting - Pitching for Florida Marlins : LHP Billy Wagner
Batting: RHB Mike Cameron 0-0: Foul Ball, location: 2F
0-1: Ball
1-1: Foul Ball, location: 2F
1-2: SINGLE (Line Drive, 9S, EV 103.8 MPH)
Batting: LHB Todd Hollandsworth 0-0: Called Strike
0-1: Ball
1-1: Ball
2-1: Fly out, F9 (Flyball, 9D, EV 96.9 MPH)
Batting: RHB Todd Greene 0-0: Ball
1-0: Called Strike
1-1: Ball
2-1: Grounds into double play, 5-4-3 (Groundball, 56, EV 105.0 MPH)
Top of the 9th over - 0 runs, 1 hit, 0 errors, 0 left on base; Boston 6 - Florida 11
Wednesday, March 4th, 2026 - OOTP Baseball 20.8 Build 74